 Dungeon Crawl Stone Soup version 0.29.1-12-g30fa7ad0bf (webtiles) character file.

Game seed: 11142332798051468436

441 cheesebisquit the Cleaver (level 6, -3/52 HPs)
             Began as a Minotaur Berserker on Dec 24, 2022.
             Was a Believer of Trog.
             Slain by an orc wizard
             ... wielding a +0 dagger
              (4 damage)
             ... on level 7 of the Dungeon.
             The game lasted 00:08:49 (3926 turns).

cheesebisquit the Cleaver (Minotaur Berserker)      Turns: 3926, Time: 00:08:50

Health: -3/52      AC:  8    Str: 24    XL:     6   Next: 70%
Magic:  5/5        EV:  8    Int:  4    God:    Trog [**....]
Gold:   278        SH:  0    Dex:  9    Spells: 5/5 levels left

rFire   + . .      SeeInvis .   a - +0 hand axe
rCold   . . .      Faith    .   (no shield)
rNeg    . . .      Spirit   .   p - +0 chain mail
rPois   .          Reflect  .   (helmet restricted)
rElec   .          Harm     .   (no cloak)
rCorr   .          Rampage  .   (no gloves)
Will    ++...                   (no boots)
Stlth   ..........              (no amulet)
HPRegen 1.17/turn               q - ring of protection from fire
MPRegen 0.09/turn               (no ring)

@: strong-willed, regenerating
A: horns 2, retaliatory headbutt
a: Renounce Religion, Berserk, Trog's Hand


You were on level 7 of the Dungeon.
You worshipped Trog.
Trog was pleased with you.
You visited 1 branch of the dungeon, and saw 5 of its levels.

You collected 278 gold pieces.

Inventory:

Hand Weapons
 a - a +0 hand axe (weapon)
Missiles
 f - 32 stones (quivered)
 o - 5 poisoned darts
Armour
 b - a +0 animal skin
 d - a +0 leather armour
 n - a +0 scale mail
 p - a +0 chain mail (worn)
Jewellery
 q - a ring of protection from fire (left hand)
Scrolls
 c - 2 scrolls of magic mapping {unknown}
 h - 8 scrolls of identify {unknown}
 k - a scroll of poison {unknown}
 r - a scroll of amnesia {unknown}
 s - a scroll of enchant armour {unknown}
 t - a scroll of vulnerability {unknown}
Potions
 e - 2 potions of mutation {unknown}
 g - a potion of haste {unknown}
 i - a potion of lignification {unknown}
 j - 2 potions of heal wounds {unknown}
 l - 3 potions of ambrosia {unknown}
 m - 4 potions of curing {unknown}
 u - a potion of cancellation {unknown}


   Skills:
 - Level 3.8 Fighting
 + Level 9.0 Axes
 - Level 2.7 Armour
 - Level 2.4 Dodging


You had 5 spell levels left.
You didn't know any spells.
Your spell library was empty.

Dungeon Overview and Level Annotations

Branches:
Dungeon (7/15)
 Temple: D:4-7

Altars:

Shops:
D:1 *

Portals:
Sewer: D:3


Innate Abilities, Weirdness & Mutations

You have a pair of horns on your head.
You reflexively headbutt those who attack you in melee.


Message History

You bump into the rock wall.
A centaur comes into view.
Something hits you. The orc priest barely misses you.
You bump into the rock wall.
The centaur shouts!
The centaur wields a +0 shortbow.
The centaur shoots an arrow.
Something hits you but does no damage.
The orc priest hits you but does no damage.
The orc priest calls down the wrath of Beogh upon you.
Beogh smites you!
Things that are here:
a +0 dagger; a +0 robe; an orc corpse You feel less confused.
The centaur shoots an arrow.
The arrow hits you. The orc priest barely misses you.
The centaur shoots an arrow.
The arrow hits you!
* * * LOW HITPOINT WARNING * * *
Items here: ( )) ††.
Your skin crawls.
You feel strong-willed.
The centaur shoots an arrow.
The arrow barely misses you. Something hits you but does no damage.
The orc priest barely misses you. You furiously retaliate!
You headbutt the orc priest!
You kill the orc priest!
Trog accepts your kill.
Your Axes skill increases to level 9!
The centaur shoots an arrow.
The arrow hits you.
* * * LOW HITPOINT WARNING * * *
The centaur shoots an arrow.
The arrow hits you!
* * * LOW HITPOINT WARNING * * *
The centaur unwields a +0 shortbow.
The centaur hits you.
* * * LOW HITPOINT WARNING * * *
The centaur closely misses you.
You slash the centaur! You headbutt the centaur!
The centaur is severely wounded.
You barely miss something. The centaur hits you.
* * * LOW HITPOINT WARNING * * *
The centaur kicks you but does no damage.
Something hits you.
You die...

..#...####.#...#.# #
#...#.#....##..#.##..##
#...<.....##..#.......
####...........# #
####.#.##...# .#
#.#.##.).###..###
#......))........
#...##.##.#...##
#........@....#
...###....c...... ###.#
####.#.####. #.#.#
....# #.#.# #.# #.#


You could see a centaur.

Vanquished Creatures
  2 orc priests (D:7)
  A hound (D:6)
  A jelly (D:6)
  Jessica (D:2)
  2 iguanas (D:6)
  2 orc wizards (D:6)
  5 adders
  5 gnolls
  A white imp (D:6)
  A worm (D:2)
  3 dart slugs
  2 orcs
  A ball python (D:3)
  4 endoplasms
  3 giant cockroaches
  9 goblins
  5 hobgoblins
  5 jackals (D:1)
  A quokka (D:2)
  4 bats
  3 frilled lizards
  7 kobolds
  7 rats
75 creatures vanquished.

Vanquished Creatures (others)
  An orc wizard (D:7)
1 creature vanquished.

Grand Total: 76 creatures vanquished

Notes
Turn   | Place    | Note
-------+----------+-------------------------------------------
     0 | D:1      | cheesebisquit the Minotaur Berserker began the quest for
                  | the Orb.
     0 | D:1      | Reached XP level 1. HP: 19/19 MP: 0/0
   311 | D:1      | Reached XP level 2. HP: 18/27 MP: 1/1
   473 | D:1      | Reached skill level 4 in Axes
   928 | D:1      | Reached ** piety under Trog
   929 | D:1      | Reached XP level 3. HP: 33/33 MP: 2/2
   975 | D:1      | Found a faded altar of an unknown god.
  1312 | D:1      | Found Udas Huro's Assorted Antiques.
  1368 | D:1      | Reached skill level 5 in Axes
  2053 | D:2      | Reached XP level 4. HP: 28/40 MP: 3/3
  2178 | D:2      | Noticed Jessica
  2182 | D:2      | Killed Jessica
  2183 | D:2      | Reached skill level 6 in Axes
  2759 | D:3      | Reached XP level 5. HP: 45/46 MP: 4/4
  2766 | D:3      | Found a glowing drain.
  2955 | D:3      | You fall into a shaft and drop 3 floors!
  3014 | D:6      | Reached skill level 7 in Axes
  3222 | D:6      | Reached XP level 6. HP: 45/52 MP: 5/5
  3323 | D:6      | Reached skill level 8 in Axes
  3797 | D:6      | Identified the +1 quarterstaff of Doom {flame, Str+2}
  3924 | D:7      | Reached skill level 9 in Axes
  3926 | D:7      | HP: 1/52 [centaur (3)]
  3926 | D:7      | Slain by an orc wizard

Illustrated notes

Levels and vault maps discovered:
D:1:      amcnicky_arrival_abandoned_market, layout_basic, serial_shops,
          nicolae_shop_trees, dreamdust_ecumenical_altar_angels_and_demons,
          minmay_cut_off
D:2:      layout_loops_ring, uniq_jessica
D:3:      layout_rooms, lemuel_coloured_pillars_altar, gup_sewer_entry_glass
D:6:      layout_basic, minmay_misc_feat_tiny, hex_tiny
D:7:      layout_loops_ring, nzn_hepliaklqana_mist_gate, kennysheep_mini_moat

Skill      XL: |  1  2  3  4  5  6 |
---------------+-------------------+-----
Axes           | 4 5 6 7 9 |  9.0
Fighting       | |  3.8
Armour         | |  2.7
Dodging        | |  2.4

Action                   |  1- 3 |  4- 6 || total
-------------------------+-------+-------++-------
Melee: Hand axe          |   108 |   105 ||   213
       Headbutt          |    12 |    11 ||    23
Invok: Berserk           |       |     3 ||     3
       Trog's Hand       |       |     4 ||     4
Armor: Leather armour    |    27 |     5 ||    32
       Animal skin       |     1 |       ||     1
       Scale mail        |       |     5 ||     5
       Chain mail        |       |    27 ||    27
Dodge: Dodged            |    56 |    53 ||   109
